 Dungeon Crawl Stone Soup version 0.20-a0-650-gd54866b (webtiles) character file.

442 Aksej the Covert (level 7, -7/45 HPs)
             Began as an Octopode Assassin on Feb 16, 2017.
             Was a Believer of Makhleb.
             Mangled by a hippogriff (8 damage)
             ... on level 4 of the Dungeon.
             The game lasted 00:08:12 (4700 turns).

Aksej the Covert (Octopode Assassin)                Turns: 4700, Time: 00:08:12

Health: -7/45      AC:  1    Str: 10    XL:     7   Next: 2%
Magic:  7/7        EV: 14    Int: 13    God:    Makhleb [**....]
Gold:   314        SH:  0    Dex: 16    Spells: 6/6 levels left

rFire    . . .     SeeInvis +   a - +0 dagger (venom)
rCold    . . .     Gourm    .   (no shield)
rNeg     . . .     Faith    .   (helmet restricted)
rPois    .         Spirit   .   (no amulet)
rElec    .         Reflect  .   (no ring)
rCorr    .         Harm     .   (no ring)
MR       .....                  (no ring)
Stlth    +++++.....             (no ring)
Regen    0.2/turn               (no ring)
MPRegen  0.1/turn               (no ring)
                                (no ring)
                                (no ring)

@: lethally poisoned (-7 -> -8)
A: almost no armour, stealthy swim, amphibious, 8 rings, constrict 8, camouflage
1, see invisible, wild magic 1, gelatinous body 1
a: Minor Destruction, Renounce Religion


You were on level 4 of the Dungeon.
You worshipped Makhleb.
Makhleb was pleased with you.
You were not hungry.

You visited 1 branch of the dungeon, and saw 4 of its levels.

You collected 314 gold pieces.

Inventory:

Hand Weapons
 a - a +0 dagger of venom (weapon)
 b - a +0 blowgun
Missiles
 c - 8 poisoned needles
 d - 2 curare-tipped needles
 g - a tomahawk (quivered)
Wands
 p - a wand of iceblast (6/15)
Scrolls
 h - 3 scrolls of teleportation
Potions
 e - a potion of resistance
 l - a potion of berserk rage {unknown}
 m - a potion of heal wounds {unknown}
 n - a potion of agility {unknown}
 o - a potion of flight {unknown}
Comestibles
 f - a bread ration
 i - 3 fruits
 j - 4 chunks of flesh
 k - 4 royal jellies


   Skills:
 + Level 2.9 Fighting
 * Level 4.6 Short Blades
 + Level 2.1 Throwing
 + Level 2.0 Dodging
 + Level 8.5 Stealth


You had 6 spell levels left.
You didn't know any spells.

Dungeon Overview and Level Annotations

Branches:
Dungeon (4/15)
 Temple: D:4-7

Altars:
Fedhas
Makhleb
Uskayaw

Annotations:
D:4 Mulkerokala's ghost, amateur OpWn


Innate Abilities, Weirdness & Mutations

You cannot wear most types of armour.
You are very stealthy in the water. (Stealth+)
You are amphibious.
You can wear up to eight rings at the same time.
You can use your tentacles to constrict eight enemies at once.
Your skin changes colour to match your surroundings (Stealth+).
Your rubbery body absorbs attacks. (AC +1, EV +1)
You have supernaturally acute eyesight. (SInv)
Your spells are a little harder to cast, but a little more powerful.


Message History

You throw a tomahawk. The tomahawk hits the hippogriff.
The hippogriff is lightly wounded.
You hit the hippogriff.
The hippogriff is poisoned.
Your squeeze misses the hippogriff.
The hippogriff is lightly wounded.
The hippogriff bites you! The hippogriff pecks you.
* * * LOW HITPOINT WARNING * * *
The hippogriff claws you.
* * * LOW HITPOINT WARNING * * *
You hit the hippogriff.
The hippogriff looks even sicker.
The hippogriff is moderately wounded.
The hippogriff closely misses you. The hippogriff misses you. x2
You hit the hippogriff.
The hippogriff looks as sick as possible!
You squeeze the hippogriff, but do no damage.
The hippogriff is moderately wounded.
The hippogriff bites you!
* * * LOW HITPOINT WARNING * * *
The hippogriff pecks you!
You die...

# #.).....# #........P.P #
####...)..# ###...........
########.........###.............
....[....##<####....(............
..<...................#..........
.#######...#.....##.#..#.........
## #..<..###.######.##.#......#..
#.##### #.# #....#.....W###### ..
#.# #@###.W####.## #.#
#.###H#...## #..# # #.##.W(.###
##.# ###....## #W# #...### #.h.#
#..# ###.... #.# .).. #. ... ..
...


You could see a hippogriff and Mulkerokala's ghost.

Vanquished Creatures
  A big kobold (D:3)
  A gnoll shaman (D:4)
  2 worker ants (D:4)
  8 adders
  6 gnolls
  2 oozes
  2 adder skeletons (D:4)
  A worm (D:3)
  7 dart slugs
  4 leopard geckos
  2 orcs
  A giant cockroach (D:1)
  9 goblins
  15 hobgoblins
  5 jackals (D:3)
  42 kobolds
  A quokka (D:3)
  9 bats
  4 frilled lizards
  7 rats
129 creatures vanquished.

Notes
Turn   | Place    | Note
-------+----------+-------------------------------------------
     0 | D:1      | Aksej the Octopode Assassin began the quest for the Orb.
     0 | D:1      | Reached XP level 1. HP: 14/14 MP: 1/1
   156 | D:1      | Reached XP level 2. HP: 19/19 MP: 2/2
   539 | D:1      | Reached skill level 6 in Stealth
   539 | D:1      | Reached XP level 3. HP: 25/25 MP: 3/3
   794 | D:1      | Gained mutation: You evolve. [potion of mutation]
   794 | D:1      | Gained mutation: Scrolls take you a little longer to read. [potion of mutation]
   794 | D:1      | Gained mutation: You are partially covered in rugged brown scales. (AC +1, +3% HP) [potion of mutation]
  1156 | D:2      | Reached XP level 4. HP: 30/30 MP: 4/4
  2017 | D:3      | Reached XP level 5. HP: 18/36 MP: 5/5
  2137 | D:3      | Found a burning altar of Makhleb.
  2146 | D:3      | Noticed a green death
  2150 | D:3      | Noticed a smoke demon
  2150 | D:3      | Noticed a neqoxec
  2152 | D:3      | Became a worshipper of Makhleb the Destroyer
  2241 | D:3      | Reached skill level 7 in Stealth
  2379 | D:3      | Found a hide-covered altar of Uskayaw.
  2872 | D:3      | Reached * piety under Makhleb
  3033 | D:3      | Lost mutation: Scrolls take you a little longer to read. [potion of mutation]
  3033 | D:3      | Lost mutation: You evolve. [potion of mutation]
  3033 | D:3      | Lost mutation: You are partially covered in rugged brown scales. (AC +1, +3% HP) [potion of mutation]
  3033 | D:3      | Gained mutation: You are frail. (-10% HP) [potion of mutation]
  3033 | D:3      | Gained mutation: Your flesh is cold resistant. (rC+) [potion of mutation]
  3229 | D:3      | Noticed a big kobold
  3239 | D:3      | Killed a big kobold
  3239 | D:3      | Reached skill level 8 in Stealth
  3239 | D:3      | Reached XP level 6. HP: 9/36 MP: 6/6
  3876 | D:4      | Reached ** piety under Makhleb
  3978 | D:4      | Lost mutation: You are frail. (-10% HP) [potion of mutation]
  3978 | D:4      | Lost mutation: Your flesh is cold resistant. (rC+) [potion of mutation]
  3978 | D:4      | Gained mutation: You have supernaturally acute eyesight. (SInv) [potion of mutation]
  3978 | D:4      | Gained mutation: Your spells are a little harder to cast, but a little more powerful. [potion of mutation]
  4015 | D:4      | Found a blossoming altar of Fedhas.
  4675 | D:4      | Noticed a hippogriff
  4679 | D:4      | Noticed Mulkerokala's ghost (amateur OpWn)
  4680 | D:4      | Reached XP level 7. HP: 28/45 MP: 7/7
  4700 | D:4      | HP: 1/45 [hippogriff (12)]
  4700 | D:4      | Mangled by a hippogriff

Vault maps used:
D:1:      minmay_arrival_four_loops, kennysheep_nondescript
D:2:      hangedman_decor_opposing
D:3:      minmay_goblin_kobold_castle, marbit_many_paths,
          makhleb_altar_promises_db
D:4:      lemuel_doored_altar, fedhas_altar_1,
          minmay_temple_entry_enclosed_plants, first_bread,
          uniq_crazy_yiuf_cottage

Skill      XL: |  1  2  3  4  5  6 |
---------------+-------------------+-----
Stealth        | 6 8 |  8.5
Short Blades   | 3 4 |  4.6
Dodging        | 2 |  2.0
Fighting       | |  2.9
Throwing       | |  2.1

Action                   |  1- 3 |  4- 6 |  7- 9 || total
-------------------------+-------+-------+-------++-------
Melee: Dagger            |    44 |   209 |     3 ||   256
       Tentacles         |     8 |    34 |     1 ||    43
       Constrict         |    10 |    61 |       ||    71
Throw: Tomahawk          |       |       |     1 ||     1
  Use: Scroll            |     5 |     3 |       ||     8
       Potion            |     2 |     3 |       ||     5
 Stab: Sleeping          |    12 |    19 |       ||    31
       Distracted        |       |     2 |       ||     2
  Eat: Chunk             |     1 |    11 |       ||    12
Armor: Skin              |     3 |    10 |       ||    13
Dodge: Dodged            |    22 |   120 |     3 ||   145
